 Crawl Stoat Soup version 0.23-ish-327-104-g30f0781d17 (console) character file.

16948 hilarita the Gelid (level 12, -10/123 HPs)
             Began as a Faerie Dragon Ice Elementalist on Apr 21, 2024.
             Was a High Priest of Vehumet.
             Mangled by a white ugly thing (14 damage)
             ... in an ice cave on Apr 24, 2024.
             The game lasted 00:44:19 (14996 turns).

hilarita the Gelid (FDIE)                          Turns: 14996, Time: 00:44:19

Health: -10/123    AC: 26    Str:  6    XL:     12   Next: 42%
Magic:  25/25      EV:  3    Int: 24    God:    Vehumet [*****.]
Gold:   355        SH:  0    Dex: 13    Spells: 15/30 levels left

rFire    . . .     SeeInvis .   q - +8 whip "Batapish" {pain, +Inv rPois}
rCold    + . .     Gourm    .   (shield restricted)
rNeg     + + +     Faith    .   (armour unavailable)
rPois    +         Spirit   .   (helmet currently unavailable)
rElec    .         Warding  .   (cloak currently unavailable)
rCorr    .         Reflect  .   (gloves currently unavailable)
MR       +....     Harm     .   (boots currently unavailable) Stlth ++........NoTele +
                                d - amulet of regeneration
HPRegen  0.70/turn              J - ring of ice
MPRegen  0.19/turn              z - ring of protection from fire

@: tree-form
A: small, sparkly, unfitting armour
a: Renounce Religion, Evoke Invisibility


You were in an ice cave.
You worshipped Vehumet.
Vehumet was extremely pleased with you.
You were hungry.
You were a tree.
You visited 3 branches of the dungeon, and saw 14 of its levels.
You visited 1 bazaar.
You also visited: Ice Cave.

You collected 975 gold pieces.
You spent 620 gold pieces at shops.

Inventory:

Hand Weapons
 a - a +1 dagger
 q - the +8 whip "Batapish" (weapon) {pain, +Inv rPois}
   (You took it off a hobgoblin on level 4 of the Dungeon)

   In the hands of one skilled in necromantic magic, it inflicts extra damage on
   living creatures.
   It protects you from poison.
   It lets you turn invisible.
 r - a +0 quarterstaff
Missiles
 e - 340 arrows
 f - 339 stones (quivered)
Armour
 h - a +1 pair of gloves (melded)
 G - a +2 hat (melded)
Jewellery
 d - an amulet of regeneration (around neck)
 i - an uncursed amulet of the acrobat
 z - a ring of protection from fire (right branch)
 F - a +3 ring of protection
 J - a ring of ice (left branch)
 K - an uncursed ring of see invisible
 N - a +3 amulet of reflection
Wands
 v - a wand of random effects (31 charges)
 A - 2 wands of paralysis (19 charges)
 O - a wand of charm monster (15 charges)
Scrolls
 m - 3 scrolls of amnesia
 o - 4 scrolls of identify
 u - 2 scrolls of remove curse
 x - a scroll of magic mapping
 y - 3 scrolls of teleportation
 C - 4 scrolls of enchant weapon
 H - 3 scrolls of enchant armour
 L - a scroll of immolation
 M - a scroll of noise
 P - a scroll of silence
Potions
 j - 2 potions of haste
 l - 5 potions of curing
 n - 2 potions of might
 p - 2 potions of cancellation
 s - 2 potions of agility
 w - a potion of lignification
 B - a potion of invisibility
 D - 3 potions of mutation
 I - 2 potions of brilliance
Miscellaneous
 E - a phantom mirror
Comestibles
 b - 11 bread rations
 c - 12 meat rations
 k - 7 fruits


   Skills:
 + Level 7.9 Fighting
 - Level 2.1 Dodging
 - Level 1.2 Stealth
 + Level 9.9 Spellcasting
 - Level 8.0 Conjurations
 - Level 4.0 Charms
 - Level 6.0 Summonings
 * Level 15.0 Ice Magic


You had 15 spell levels left.
You knew the following spells:

 Your Spells              Type           Power        Failure   Level  Hunger
a - Freeze                Ice            25/25        0%          1    None
b - Throw Frost           Conj/Ice       50/50        1%          2    None
c - Ozocubu's Armour      Chrm/Ice       72/100       1%          3    None
d - Summon Ice Beast      Ice/Summ       76/100       1%          4    #......
e - Throw Icicle          Conj/Ice       79/100       1%          4    #......
f - Flame Tongue          Conj/Fire      31/40        1%          1    None

Your spell library contained the following spells:

 Spells                   Type           Power        Failure   Level  Hunger
 Shock                    Conj/Air       25/25        1%          1    None
 Static Discharge         Conj/Air       31/100       1%          3    None
 Poisonous Vapours        Pois/Air       11/50        2%          2    None
 Freezing Cloud           Conj/Ice/Air   65/200       10%         6    ######.
 Olgreb's Toxic Radiance  Pois           11/100       14%         4    #......
 Magic Dart               Conj           25/25        1%          1    None
 Sandblast                Erth           11/50        1%          1    None
 Searing Ray              Conj           50/50        1%          2    None
 Dazzling Spray           Conj/Hex       31/50        1%          3    None
 Stone Arrow              Conj/Erth      31/50        1%          3    None
 Iskenderun's Mystic Bla  Conj           50/100       1%          4    #......
 Force Lance              Conj/Tloc      31/100       3%          4    #......
 Fulminant Prism          Conj/Hex       31/200       3%          4    #......
 Passwall                 Tmut/Erth      11/120       9%          2    None
 Lee's Rapid Deconstruct  Erth           11/200       36%         5    ####...
 Petrify                  Tmut/Erth      11/100       47%         4    #......


Dungeon Overview and Level Annotations

Branches:
Dungeon (12/15)            Temple (1/1) D:5            Lair (1/6) D:8
    Orc (0/2) D:9

Altars:
Ashenzari
Cheibriados
Dithmenos
Elyvilon
Fedhas
Gozag
Hepliaklqana Ihp'ix
Kikubaaqudgha
Makhleb
Nemelex Xobeh
Okawaru
Qazlal
Ru
Sif Muna
Trog
Uskayaw
Vehumet
Wu Jian
Xom
Yredelemnul
Zin
The Shining One


Innate Abilities, Weirdness & Mutations

Your sparkly wings attract attention (Stealth-).
You are small and have problems with some larger weapons.
You cannot fit into any form of body armour.
((Your spells do not cause hunger; their MP costs are reduced by 1.))
((Your shimmering scales repel attacks (AC +6, SH +6).))
((You can fly continuously.))


Message History

Your ice beast hits the ice beast.
Your ice beast freezes the ice beast.
The ice beast completely resists.
The white ugly thing claws you but does no damage.
The ice beast hits your ice beast but does no damage.
The ice beast hits you but does no damage.
The ice beast hits your ice beast. The ice beast freezes your ice beast.
Your ice beast completely resists.
The ice beast misses your ice beast.
You hit the white ugly thing.
The white ugly thing is heavily wounded.
Your ice beast hits the ice beast.
Your ice beast freezes the ice beast.
The ice beast completely resists.
The ice beast hits you but does no damage.
Your ice beast hits the ice beast.
The ice beast dies!
Vehumet accepts your kill. The white ugly thing claws you!
* * * LOW HITPOINT WARNING * * *
The white ugly thing freezes you! You resist.
You die...

####
##...####
........##
.........##
..........##
(..8.....Y.#
.?......YYY#
!©=....∩.u♣#
.(.......YY#
$..8......Y#
..........##
.........##
........##
##...####
####


You could see a white ugly thing, 5 ice beasts and 2 friendly ice beasts.

Vanquished Creatures
  Snorg (D:11)
  3 two-headed ogres
  A centaur warrior (D:12)
  Urug (D:10)
  Pikel (D:4)
  An ugly thing (D:12)
  2 gargoyles
  A spiny frog (Lair:1)
  A merfolk (D:10)
  8 slime creatures
  A vampire (D:12)
  17 yaks
  5 hippogriffs
  2 wargs
  A porcupine (Lair:1)
  Duvessa (D:5)
  5 orc warriors
  2 sky beasts
  A hornet zombie (D:8)
  5 ogres
  A black bear (D:10)
  2 ice beasts
  A necrophage (D:6)
  7 centaurs
  A crocodile (D:11)
  A phantom (D:5)
  4 bullfrogs
  A wyvern skeleton (D:11)
  4 scorpions
  9 killer bees
  5 howler monkeys
  A quasit (D:7)
  3 bullfrog zombies
  7 hounds
  A jelly (D:7)
  12 orc priests
  4 bullfrog skeletons
  14 orc wizards
  A centaur skeleton (D:3)
  Natasha (thrice) (D:2)
  Terence (D:2)
  3 iguanas
  8 worker ants
  4 hound zombies
  A hound skeleton (D:3)
  Robin (D:2)
  A howler monkey zombie (D:10)
  2 worker ant zombies
  13 adders
  A shadow imp (D:9)
  6 white imps
  2 ufetubi
  2 oozes
  2 adder zombies
  An adder skeleton (D:3)
  10 worms
  2 dart slugs
  5 leopard geckos
  41 orcs
  A ball python (D:3)
  6 bats
  14 giant cockroaches
  14 goblins
  4 hobgoblins
  7 jackals
  6 weasels
  A ball python skeleton (D:3)
  5 frilled lizards
  A giant cockroach zombie (D:3)
  A jackal zombie (D:8)
  8 kobolds
  A leopard gecko skeleton (D:7)
  A leopard gecko zombie (D:3)
  6 rats
  2 weasel zombies
326 creatures vanquished.

Vanquished Creatures (collateral kills)
  A slime creature (D:9)
  3 yaks
  A sky beast (D:8)
  An ice beast (IceCv)
  An ogre (D:4)
  A bullfrog (D:8)
  Dowan (D:5)
  2 killer bees (D:9)
  7 white imps (Lair:1)
18 creatures vanquished.

Vanquished Creatures (others)
  A phantom (D:4)
  An orc priest (D:8)
  An orc (D:8)
  A leopard gecko skeleton (D:4)
  5 toadstools (D:2)
9 creatures vanquished.

Grand Total: 353 creatures vanquished

Notes
Turn   | Place    | Note
-------+----------+-------------------------------------------
     0 | D:1      | hilarita the Faerie Dragon Ice Elementalist began the quest
                  | for the Orb.
     0 | D:1      | Reached XP level 1. HP: 11/11 MP: 3/3
   160 | D:1      | Reached XP level 2. HP: 16/18 MP: 5/5
   161 | D:1      | Reached skill level 4 in Ice Magic
   173 | D:1      | Learned a level 2 spell: Throw Frost
  1046 | D:2      | Noticed Natasha
  1051 | D:2      | Noticed a crimson imp
  1053 | D:2      | Killed Natasha
  1053 | D:2      | Reached skill level 1 in Fighting
  1053 | D:2      | Reached XP level 3. HP: 3/23 MP: 7/7
  1061 | D:2      | Learned a level 3 spell: Ozocubu's Armour
  1218 | D:2      | Noticed Natasha
  1222 | D:2      | Killed Natasha
  1222 | D:2      | Reached XP level 4. HP: 19/28 MP: 8/8
  1744 | D:2      | Noticed Natasha
  1749 | D:2      | Killed Natasha
  1749 | D:2      | Reached skill level 5 in Ice Magic
  1832 | D:2      | Reached XP level 5. HP: 33/33 MP: 9/9
  1862 | D:2      | Reached skill level 1 in Charms
  1892 | D:2      | Learned a level 4 spell: Summon Ice Beast
  1903 | D:2      | Noticed Terence
  1911 | D:2      | Killed Terence
  1985 | D:2      | Noticed Robin
  2011 | D:2      | Killed Robin
  2446 | D:3      | Reached skill level 1 in Summonings
  2446 | D:3      | Reached XP level 6. HP: 21/39 MP: 8/11
  3023 | D:3      | Reached skill level 6 in Ice Magic
  3076 | D:3      | Found a bloodstained altar of Trog.
  3076 | D:3      | Found a shattered altar of Ashenzari.
  3079 | D:3      | Found a burning altar of Makhleb.
  3270 | D:4      | Got a dazzling whip {pain}
  3271 | D:4      | Identified the +8 whip "Batapish" {pain, +Inv rPois} (You
                  | took it off a hobgoblin on level 4 of the Dungeon)
  3328 | D:4      | Reached XP level 7. HP: 39/45 MP: 12/12
  3387 | D:4      | Found a three-legged altar of Ihp'ix.
  3451 | D:4      | Noticed Pikel
  3461 | D:4      | Killed Pikel
  3461 | D:4      | Reached skill level 7 in Ice Magic
  3461 | D:4      | Reached XP level 8. HP: 45/52 MP: 11/14
  4172 | D:5      | Entered Level 5 of the Dungeon
  4231 | D:5      | Found a staircase to the Ecumenical Temple.
  4241 | Temple   | Entered the Ecumenical Temple
  4330 | Temple   | Became a worshipper of Vehumet
  4366 | D:5      | Found a blossoming altar of Fedhas.
  4380 | D:5      | Learned a level 4 spell: Throw Icicle
  4404 | D:5      | Noticed Duvessa
  4404 | D:5      | Noticed Dowan
  4414 | D:5      | Killed Dowan
  4424 | D:5      | Killed Duvessa
  4703 | D:5      | Reached skill level 8 in Ice Magic
  4837 | D:5      | Reached skill level 5 in Spellcasting
  5030 | D:5      | Found a hazy altar of Hepliaklqana.
  5135 | D:5      | Reached * piety under Vehumet
  5135 | D:5      | Offered knowledge of Flame Tongue by Vehumet.
  5138 | D:5      | Learned a level 1 spell: Flame Tongue
  5524 | D:6      | Reached XP level 9. HP: 58/58 MP: 1/16
  6041 | D:6      | Reached skill level 9 in Ice Magic
  6218 | D:6      | Found a basalt altar of Yredelemnul.
  6791 | D:7      | Found a deep blue altar of Sif Muna.
  6837 | D:7      | Identified Sif Muna's Almanac of Heat
  7511 | D:8      | Displaced on stairs
  7516 | D:7      | Reached skill level 5 in Conjurations
  7654 | D:8      | Offered knowledge of Shock by Vehumet.
  7709 | D:8      | Found a white marble altar of Elyvilon.
  7812 | D:8      | Reached ** piety under Vehumet
  7857 | D:8      | Reached skill level 10 in Ice Magic
  8058 | D:8      | Reached XP level 10. HP: 63/65 MP: 3/19
  8064 | D:8      | Reached skill level 5 in Summonings
  8071 | D:8      | Noticed ceb's ghost (novice FDNe)
  8122 | D:7      | Reached skill level 5 in Fighting
  8714 | D:8      | Found a staircase to the Lair.
  8789 | D:8      | Reached skill level 11 in Ice Magic
  9073 | D:9      | Offered knowledge of Poisonous Vapours by Vehumet.
  9178 | D:9      | Found a staircase to the Orcish Mines.
  9253 | D:9      | Noticed a two-headed ogre
  9267 | D:9      | Killed a two-headed ogre
  9548 | D:9      | Reached *** piety under Vehumet
 10158 | D:10     | Entered Level 10 of the Dungeon
 10303 | D:10     | Offered knowledge of Static Discharge by Vehumet.
 10493 | D:9      | Reached XP level 11. HP: 64/72 MP: 1/22
 10582 | D:9      | Reached skill level 12 in Ice Magic
 10926 | D:10     | Noticed hilarita's ghost (journeyman DsBe)
 10928 | D:10     | Witnessed revenge of hilarita's ghost on a black bear.
 11118 | D:10     | Noticed Urug
 11125 | D:10     | Killed Urug
 12006 | D:11     | Reached **** piety under Vehumet
 12171 | D:11     | Found a flickering gateway to a bazaar.
 12180 | Bazaar   | Entered a bazaar
 12215 | Bazaar   | Found Nuvegrum's Book Shoppe.
 12231 | Bazaar   | Found Dacex's Jewellery Emporium.
 12247 | Bazaar   | Found Zebar Egebe's Antique Armour Emporium.
 12247 | Bazaar   | Found Plog's Jewellery Shoppe.
 12258 | Bazaar   | Bought an uncursed ring of ice for 425 gold pieces
 12306 | Bazaar   | Bought an uncursed ring of see invisible for 195 gold
                  | pieces
 12423 | D:11     | Paralysed by an orc for 4 turns
 12528 | D:11     | Offered knowledge of Olgreb's Toxic Radiance by Vehumet.
 12529 | D:11     | Reached skill level 13 in Ice Magic
 13145 | D:11     | Noticed Snorg
 13151 | D:11     | Killed Snorg
 13598 | D:12     | Reached skill level 14 in Ice Magic
 13693 | D:12     | Reached XP level 12. HP: 81/81 MP: 16/25
 14095 | D:12     | Noticed a two-headed ogre
 14102 | D:12     | Killed a two-headed ogre
 14530 | D:12     | Noticed a centaur warrior
 14534 | D:12     | Killed a centaur warrior
 14620 | D:12     | Noticed a two-headed ogre
 14623 | D:12     | Killed a two-headed ogre
 14885 | Lair:1   | Entered Level 1 of the Lair of Beasts
 14912 | Lair:1   | Reached skill level 15 in Ice Magic
 14953 | Lair:1   | Reached ***** piety under Vehumet
 14954 | Lair:1   | Offered knowledge of Freezing Cloud by Vehumet.
 14963 | Lair:1   | Found a frozen archway.
 14977 | IceCv    | Entered an ice cave
 14991 | IceCv    | HP: 4/82 [white ugly thing (12)]
 14996 | IceCv    | HP: 4/123 [white ugly thing (8)]
 14996 | IceCv    | Mangled by a white ugly thing

Vault maps used:
D:1:      eino_arrival_water_cross, minmay_lizard_pond
D:2:      minmay_gold_behind_fungi, uniq_terence, uniq_robin, uniq_natasha
D:3:      gammafunk_temple_overflow_forgotten, serial_undead, serial_undead_f,
          serial_undead_a, serial_undead_a, serial_undead_f, serial_undead_d
D:4:      kennysheep_mini_moat, cheibrodos_sewer_entry_bend, first_bread,
          uniq_pikel
D:5:      kennysheep_mini, lemuel_round_altar, minmay_temple_entry_mini_moons,
          uniq_duvessa
D:6:      lemuel_doored_altar
D:7:      led_sif_book
D:8:      elyvilon_altar_5, erik_lair_orcish_takeover
D:9:      orc_0_dummy
D:10:     hangedman_fish_farm, uniq_urug
D:11:     serial_shops, bzr_entry_lakeside, nicolae_water_bricks, uniq_snorg
Temple:   zaba_magenta_temple
Lair:1:   portal_ice_cave_entry_imps, lemuel_fruit_tree
Bazaar:   bazaar_long_row
IceCv:    ice_cave_statue_garden_transporter

Skill      XL: |  1  2  3  4  5  6  7  8  9 10 11 12 |
---------------+-------------------------------------+-----
Ice Magic      | 4 5 6 7 8 10 11 14 15 | 15.0
Fighting       | 1 2 3 4 5 7 |  7.9
Spellcasting   | 3 4 5 6 7 9 |  9.9
Conjurations   | 2 3 5 7 8 |  8.0
Charms         | 1 2 3 4 |  4.0
Summonings     | 1 2 3 4 6 |  6.0
Dodging        | |  2.1
Stealth        | |  1.2

Action                   |  1- 3 |  4- 6 |  7- 9 | 10-12 || total
-------------------------+-------+-------+-------+-------++-------
Melee: Dagger            |       |   114 |       |       ||   114
       Whip              |       |     2 |    22 |    21 ||    45
 Cast: Freeze            |    31 |    98 |   168 |   132 ||   429
       Throw Frost       |     2 |    23 |    26 |    51 ||   102
       Ozocubu's Armour  |       |     4 |    14 |    33 ||    51
       Throw Icicle      |       |       |    58 |   200 ||   258
       Summon Ice Beast  |       |       |     5 |    14 ||    19
       Flame Tongue      |       |       |     3 |    28 ||    31
  Use: Scroll            |     2 |     7 |    11 |    10 ||    30
       Potion            |       |       |       |     3 ||     3
  Eat: Chunk             |     1 |     6 |    15 |    19 ||    41
       Fruit             |       |       |       |     1 ||     1
Armor: Skin              |     6 |    46 |    43 |    95 ||   190
Dodge: Dodged            |    14 |   112 |   123 |   169 ||   418
Block: Other             |     7 |    52 |    51 |    83 ||   193

Table legend:
 A = Spawn XP
 B = Non-spawn XP
 C = Spawn XP percentage of total XP
 D = Spawn monster count
 E = Non-spawn monster count
 F = Spawn count percentage of total count
 G = Total turns spent on level
                    A         B        C        D         E        F      G
               +---------+---------+-------+---------+---------+-------+---------
         Total |    4760 |   19452 |  19.7 |      57 |     287 |  16.6 | 14996
               +---------+---------+-------+---------+---------+-------+---------
           D:1 |      10 |      14 |  41.7 |       5 |      11 |  31.2 |  1001
           D:2 |      27 |     236 |  10.3 |       7 |      30 |  18.9 |  1334
           D:3 |      19 |     261 |   6.8 |       3 |      26 |  10.3 |   819
           D:4 |      74 |     787 |   8.6 |       3 |      12 |  20.0 |  1018
           D:5 |     190 |     569 |  25.0 |       5 |      22 |  18.5 |  1221
           D:6 |       0 |     683 |   0.0 |       0 |      15 |   0.0 |   838
           D:7 |     113 |    1584 |   6.7 |       3 |      29 |   9.4 |  1538
           D:8 |     232 |    1938 |  10.7 |       5 |      31 |  13.9 |  1221
           D:9 |     362 |    2190 |  14.2 |       6 |      28 |  17.6 |  1373
          D:10 |     590 |    2962 |  16.6 |       5 |      18 |  21.7 |  1582
          D:11 |    1365 |    3948 |  25.7 |      12 |      27 |  30.8 |  1397
          D:12 |    1778 |    3581 |  33.2 |       3 |      23 |  11.5 |  1254
        Lair:1 |       0 |     596 |   0.0 |       0 |      14 |   0.0 |    92
         IceCv |       0 |     103 |   0.0 |       0 |       1 |   0.0 |    19
               +---------+---------+-------+---------+---------+-------+---------
